 Dungeon Crawl Stone Soup version 0.30-a0-948-g4fa250aae5 (webtiles) character file.

Game seed: 2831057262174324558

1499975 billz999 the Acrobat (level 27, 199/199 HPs)
             Began as a Gnoll Hunter on Mar 22, 2023.
             Was an Initiate of Gozag.
             Escaped with the Orb
             ... and 3 runes on Mar 26, 2023!
             The game lasted 04:44:35 (85781 turns).

billz999 the Acrobat (Gnoll Hunter)                Turns: 85781, Time: 04:44:36

Health: 199/199    AC: 26    Str: 12    XL:     27
Magic:  45/45      EV: 27    Int: 32    God:    Gozag
Gold:   6412       SH:  5    Dex: 13    Spells: 3/63 levels left

rFire   . . .      SeeInvis +    a - +12 arbalest "Iweybral" {penet, *Slow Will+++ rCorr SInv}
rCold   . . .      Faith    .    (shield currently unavailable)
rNeg    . . .      Spirit   .    E - +5 steam dragon scales
rPois   +          Reflect  +    u - +2 hood of the Assassin {Detect Stab+ Stlth++}
rElec   .          Rampage  .    e - +4 dragonskin cloak
rCorr   +                        w - +1 pair of gloves
Will    ++++.                    S - +2 pair of slick slippers {slick, slippery, EV+5}
Stlth   +++                      Q - amulet of reflection
HPRegen 0.53/turn                M - +6 ring of intelligence
MPRegen 0.29/turn                W - ring of Venif {Fly rPois Will- Int+8 Stlth-}

@: flying, studying Dodging
A: fangs 1, strong nose, distributed training, antennae 1, clumsy 2, dopey 1,
frail 1, screaming 1
0: Orb of Zot
}: 3/15 runes: serpentine, barnacled, silver
a: Renounce Religion, Potion Petition, Call Merchant, Bribe Branch


You escaped.
You worshipped Gozag.
Gozag was greatly pleased with you.
You visited 10 branches of the dungeon, and saw 48 of its levels.
You visited 1 bazaar.
You also visited: Ossuary and Bailey.

You collected 25255 gold pieces.
You spent 11254 gold pieces at shops.
You paid 7589 gold pieces to Gozag.

Inventory:

Hand Weapons
 a - the +12 arbalest "Iweybral" (weapon) {penet, *Slow Will+++ rCorr SInv}
   (You found it in a bailey)

   SInv:      It lets you see invisible.
   rCorr:     It protects you from acid and corrosion.
   *Slow:     It may slow you when you take damage.
   Will:      It greatly increases your willpower.
 z - the +11 arbalest "Gakleseoxu" {drain, rC+ Dex+5}
   (You found it on level 12 of the Dungeon)

   Dex:       It affects your dexterity (+5).
   rC:        It protects you from cold.
Missiles
 D - 14 throwing nets
Armour
 e - the +4 dragonskin cloak (worn)
   (You took it off Tiamat on level 2 of the Realm of Zot)

   Avatar's Aegis: It grants the wearer a chance to resist fire, cold, poison,
   electricity, acid, and negative energy.
 u - the +2 hood of the Assassin (worn) {Detect Stab+ Stlth++}
   (You bought it in a shop on level 2 of the Orcish Mines)

   Detect:    It allows the wearer to sense nearby creatures.
   Stab+:     It allows the wearer to make particularly effective stabbing
   attacks against helpless or unaware enemies with any weapon.
   Stlth:     It makes you much more stealthy.
 w - a +1 pair of gloves (worn)
 E - +5 steam dragon scales (worn)
 S - the +2 pair of slick slippers (worn) {slick, slippery, EV+5}
   (You bought it in a shop on level 1 of the Vaults)

   Slick:     Its wearer cannot be constricted, engulfed, netted or webbed.
   Slippery:  It slips away from damaging melee attacks, pulling the attacker
   onward.
   EV:        It affects your evasion (+5).
Magical Staves
 i - the staff of death "Ybedibrulua" {Fly rPois rN+ rCorr Int-3}
   (You found it on level 3 of the Elven Halls)

   [staff of death]

   Base accuracy: +5 Base damage: 5 Base attack delay: 1.2 This weapon's minimum
   attack delay (0.6) is reached at skill level 12.
   Int:       It affects your intelligence (-3).
   rPois:     It protects you from poison.
   rN:        It protects you from negative energy.
   Fly:       It grants you flight.
   rCorr:     It protects you from acid and corrosion.
   It falls into the 'Staves' category.
   It is a one-handed weapon.
 j - the staff of fire "Yhedunt" {rElec rF+ rC++ Str+3 Dex-4}
   (You found it on level 4 of the Snake Pit)

   [staff of fire]

   Base accuracy: +5 Base damage: 5 Base attack delay: 1.2 This weapon's minimum
   attack delay (0.6) is reached at skill level 12.
   Str:       It affects your strength (+3).
   Dex:       It affects your dexterity (-4).
   rF:        It protects you from fire.
   rC:        It greatly protects you from cold.
   rElec:     It insulates you from electricity.
   It falls into the 'Staves' category.
   It is a one-handed weapon.
Jewellery
 h - a ring of wizardry
 I - the ring "Efiowkuc" {rPois rF+ Stlth+}
   (You found it on level 2 of the Depths)

   [ring of poison resistance]

   rF:        It protects you from fire.
   rPois:     It protects you from poison.
   Stlth:     It makes you more stealthy.
 M - a +6 ring of intelligence (left hand)
 N - a +6 ring of strength
 Q - an amulet of reflection (around neck)
 V - the ring "Vigi" {rF+ Str+2}
   (You took it off a deep elf death mage on level 3 of the Elven Halls)

   [ring of protection from fire]

   Str:       It affects your strength (+2).
   rF:        It protects you from fire.
 W - the ring of Venif (right hand) {Fly rPois Will- Int+8 Stlth-}
   (You found it on level 2 of the Dungeon)

   [ring of flight]

   Int:       It affects your intelligence (+8).
   rPois:     It protects you from poison.
   Fly:       It grants you flight.
   Will:      It decreases your willpower.
   Stlth:     It makes you less stealthy.
Wands
 o - a wand of light (6)
 F - a wand of charming (26)
 U - a wand of digging (8)
Scrolls
 b - 13 scrolls of immolation
 k - 3 scrolls of butterflies
 l - 2 scrolls of silence
 m - 3 scrolls of torment
 n - 8 scrolls of blinking
 p - 8 scrolls of amnesia
 r - 5 scrolls of enchant weapon
 s - 2 scrolls of fear
 v - 31 scrolls of identify
 x - 6 scrolls of magic mapping
 y - 20 scrolls of teleportation
 H - 7 scrolls of enchant armour
 J - 11 scrolls of fog
 O - 11 scrolls of poison
 T - 4 scrolls of brand weapon
Potions
 c - 6 potions of cancellation
 d - 29 potions of curing
 f - 10 potions of flight
 g - 2 potions of resistance
 q - 10 potions of attraction
 t - 9 potions of berserk rage
 A - 9 potions of lignification
 B - 3 potions of magic
 C - 7 potions of degeneration
 G - 5 potions of invisibility
 K - 14 potions of might
 L - 3 potions of mutation
 P - 9 potions of brilliance
 R - 3 potions of ambrosia
 X - 2 potions of heal wounds
 Z - 2 potions of haste


   Skills:
 + Level 19.2 Fighting
 + Level 18.8 Short Blades
 + Level 18.8 Long Blades
 + Level 18.8 Axes
 + Level 18.8 Maces & Flails
 + Level 18.8 Polearms
 + Level 18.8 Staves
 + Level 20.3 Ranged Weapons
 + Level 18.8 Throwing
 + Level 18.8 Armour
 + Level 21.2 Dodging
 + Level 18.9 Stealth
 + Level 18.8 Shields
 + Level 18.8 Unarmed Combat
 + Level 18.8 Spellcasting
 + Level 16.0 Conjurations
 + Level 16.0 Hexes
 + Level 16.0 Summonings
 + Level 16.0 Necromancy
 + Level 16.0 Translocations
 + Level 16.0 Transmutations
 + Level 16.0 Fire Magic
 + Level 16.0 Ice Magic
 + Level 16.0 Air Magic
 + Level 16.0 Earth Magic
 + Level 16.0 Poison Magic
 + Level 20.3 Invocations
 + Level 18.8 Evocations


You had 3 spell levels left.
You knew the following spells:

 Your Spells              Type           Power      Damage    Failure   Level
a - Haunt                 Necr/Summ      46%        N/A       1%          7
b - Dragon Form           Tmut           46%        N/A       1%          7
d - Freezing Cloud        Conj/Ice/Air   46%        6-21      1%          5
e - Irradiate             Conj/Tmut      46%        3d27      1%          5
f - Statue Form           Tmut/Erth      62%        N/A       1%          6
g - Death Channel         Necr           46%        N/A       1%          6
h - Dispel Undead         Necr           93%        3d29      1%          4
i - Malign Gateway        Summ/Tloc      46%        N/A       1%          7
j - Borgnjor's Vile Clut  Necr/Erth      46%        N/A       1%          5
k - Infestation           Necr           46%        N/A       12%         8

Your spell library contained the following spells:

 Spells                   Type           Power      Damage    Failure   Level
 Apportation              Tloc           100%       N/A       0%          1
 Beastly Appendage        Tmut           100%       N/A       0%          1
 Freeze                   Ice            100%       1d10      0%          1
 Kiss of Death            Conj/Necr      100%       2d13      0%          1
 Necrotise                Necr           100%       1d9       0%          1
 Slow                     Hex            100%       N/A       0%          1
 Sting                    Tmut/Pois      100%       1d8       0%          1
 Summon Small Mammal      Summ           100%       N/A       0%          1
 Cigotuvi's Dreadful Rot  Necr/Pois/Air  100%       N/A       0%          2
 Ensorcelled Hibernation  Hex/Ice        100%       N/A       0%          2
 Lesser Beckoning         Tloc           100%       N/A       0%          2
 Passwall                 Tmut/Erth      77%        N/A       0%          2
 Poisonous Vapours        Pois/Air       100%       N/A       0%          2
 Scorch                   Fire           100%       2d10      0%          2
 Static Discharge         Conj/Air       100%       2-7/arc   0%          2
 Sublimation of Blood     Necr           93%        N/A       0%          2
 Wereblood                Tmut           93%        N/A       0%          2
 Call Canine Familiar     Summ           93%        N/A       0%          3
 Confusing Touch          Hex            93%        N/A       0%          3
 Dazzling Flash           Conj/Hex       100%       N/A       0%          3
 Frozen Ramparts          Ice            100%       1d16      0%          3
 Hailstorm                Conj/Ice       93%        3d18      0%          3
 Ignite Poison            Fire/Tmut/Pois 93%        N/A       0%          3
 Kindle Blastsparks       Fire/Tloc/Air  100%       2d18      0%          3
 Mephitic Cloud           Conj/Pois/Air  93%        N/A       0%          3
 Ozocubu's Armour         Ice            93%        N/A       0%          3
 Portal Projectile        Hex/Tloc       100%       N/A       0%          3
 Spider Form              Tmut/Pois      93%        N/A       0%          3
 Stone Arrow              Conj/Erth      100%       3d13      0%          3
 Summon Guardian Golem    Hex/Summ       93%        N/A       0%          3
 Swiftness                Air            93%        N/A       0%          3
 Tukima's Dance           Hex            93%        N/A       0%          3
 Vampiric Draining        Necr           93%        2d12      0%          3
 Vhi's Electric Charge    Tloc/Air       100%       N/A       0%          3
 Anguish                  Hex/Necr       46%        N/A       1%          4
 Animate Armour           Summ/Erth      100%       N/A       1%          4
 Flame Wave               Conj/Fire      93%        2d20      1%          4
 Iskenderun's Mystic Bla  Conj/Tloc      93%        2d18      1%          4
 Olgreb's Toxic Radiance  Pois           93%        N/A       1%          4
 Passage of Golubria      Tloc           93%        N/A       1%          4
 Petrify                  Tmut/Erth      93%        N/A       1%          4
 Sticky Flame             Conj/Fire      93%        2d10      1%          4
 Arcjolt                  Conj/Air       46%        1d56      1%          5
 Blade Hands              Tmut           46%        N/A       1%          5
 Metabolic Englaciation   Hex/Ice        46%        N/A       1%          5
 Plasma Beam              Fire/Air       46%        2x1d66    1%          5
 Silence                  Hex/Air        46%        N/A       1%          5
 Dispersal                Tloc           46%        N/A       1%          6
 Starburst                Conj/Fire      46%        6d13      1%          6
 Summon Cactus Giant      Summ           46%        N/A       1%          6
 Enfeeble                 Hex            46%        N/A       1%          7
 Monstrous Menagerie      Summ           46%        N/A       1%          7
 Ozocubu's Refrigeration  Ice            46%        4d17      1%          7
 Summon Hydra             Summ           46%        N/A       1%          7
 Discord                  Hex            46%        N/A       12%         8
 Ignition                 Fire           46%        3d13      12%         8
 Lehudib's Crystal Spear  Conj/Erth      46%        10d11     12%         8
 Summon Horrible Things   Summ           46%        N/A       12%         8
 Polar Vortex             Ice            46%        N/A       87%         9
 Animate Dead             Necr           Unusable   N/A       N/A         4
 Simulacrum               Ice/Necr       Unusable   N/A       N/A         6

Dungeon Overview and Level Annotations

Branches:
Dungeon (15/15)            Temple (1/1) D:6            Lair (5/5) D:9
 Shoals (4/4) Lair:3        Snake (4/4) Lair:3        Slime (0/5) Lair:4
    Orc (2/2) D:9             Elf (3/3) Orc:2        Vaults (5/5) D:13
  Crypt (0/3) Vaults:2     Depths (4/4) D:15            Zot (5/5) Depths:4
Ossuary (visited)          Bailey (visited)

Altars:
Ashenzari
Cheibriados
Dithmenos
Elyvilon
Fedhas
Gozag
Hepliaklqana
Kikubaaqudgha
Makhleb
Nemelex Xobeh
Okawaru
Qazlal
Ru
Sif Muna
Trog
Uskayaw
Vehumet
Wu Jian
Xom
Yredelemnul
Zin
The Shining One
Lugonu

Shops:
D:5 *   D:6 :   D:7 :   D:10 (   D:13 [   Orc:2 **[:*   Elf:1 =[   Shoals:1 *
Shoals:2 ?:   Shoals:3 *   Snake:1 [(*(   Snake:3 :=:   Snake:4 *   Vaults:1 [
Vaults:2 :   Vaults:4 !   Vaults:5 (   Zot:2 =   Zot:3 :   Depths:1 *
Depths:2 [

Portals:
Hell: Depths:1 Depths:2 Depths:3 Depths:4
Abyss: Depths:3
Pandemonium: Depths:2 Depths:3
Ziggurat: Depths:3
Trove: D:12 (give 10 potions of heal wounds)

Annotations:
D:4 2 runed translucent doors, bearlyready's ghost, novice AtRe
D:8 3 runed translucent doors, pokeman's ghost, novice DEHW
Elf:3 6 transporters
Vaults:3 1 transporter
Vaults:4 5 transporters, 3 runed translucent doors
Zot:2 2 transporters, Meadakhi's ghost, master DgEE
Zot:4 4 transporters


Innate Abilities, Weirdness & Mutations

You have very sharp teeth.
Your uncanny sense of smell can sniff out nearby items.
Your experience applies equally to all skills.
You have a pair of small antennae on your head.
You are very clumsy. (Dex -4)
You are dopey. (Int -2)
You are frail. (-10% HP)
You occasionally shout uncontrollably at your foes.


Message History

The zombie hands constrict the demonic crawler!
The demonic crawler struggles to escape constriction.
The zombie hands constrict the demonic crawler!
The demonic crawler struggles to escape constriction.
The zombie hands constrict the demonic crawler!!
The demonic crawler escapes!
There is a stone staircase leading up here.
You block the demonic crawler's attack. The demonic crawler misses you.
You block the demonic crawler's attack.
You fly upwards.
There is a stone staircase leading down here.
There is a stone staircase leading up here.
You fly upwards.
There is a stone staircase leading down here.
There is a stone staircase leading up here.
You fly upwards.
There is a stone staircase leading down here.
A large abomination comes into view.
There is a stone staircase leading up, spattered with blood here.
You fly upwards.
Level annotation: 2 runed translucent doors, bearlyready's ghost, novice AtRe
There is a stone staircase leading down here.
There is a stone staircase leading up here.
You fly upwards.
There is a stone staircase leading down here.
A reaper comes into view. It is wielding a +4 heavy scythe.
There is a stone staircase leading up here.
You fly upwards.
There is a stone staircase leading down here.
An Executioner comes into view.
There is a stone staircase leading up here.
You fly upwards.
There is a stone staircase leading down here.
Aiming: Dig
Press: ? - help, Shift-Dir - straight line A rock wall.
This square is covered in magical glow.
The rock shatters into small pieces.
There is a staircase leading out of the dungeon here.
You have escaped!

.# ####.########.#####....#.. .#
#.(...............#....#.. ##
#.#######'#######.#....##.
#.#.............#.#.......
########.#.###########.#.#..>....
.......#.#.#.........#.#......##.
.......#†#.#.#######.#.#.#....##.
.......#†#.#.#.....#.#...##.####.
.......'.#...#..@..#...#....# #.
.......#.#.#.#.....#...#.#### #.
.......#.#.#.###.###.#.#.# #.
.......#.#.#.........#.#.# #.
#####.##.#.###########.#[# #.
#.##.#.............#.# #.
#.##.#######'#######.# #.
#..#.................# #.
##.#####.########.#### #.


There were no monsters in sight!

Vanquished Creatures
  2 dread liches
  3 orbs of fire (Zot:5)
  An ancient lich (Vaults:5)
  Mennas (Vaults:3)
  3 Killer Klowns (Zot:5)
  Frederick (Vaults:3)
  A curse toe (Zot:3)
  The ghost of oldriver the Scorcher, an adept DrIE of Vehumet (Depths:2)
  7 golden dragons
  Jory (Vaults:5)
  2 electric golems
  13 tentacled monstrosities
  A Hell Sentinel (D:13)
  3 deep elf blademasters (Elf:3)
  A quicksilver dragon (shapeshifter) (Zot:2)
  19 Orb Guardians
  A titan (Vaults:5)
  12 quicksilver dragons
  3 deep elf master archers (Elf:3)
  An acid blob (Lair:4)
  A kraken (Shoals:1)
  An acid blob (shapeshifter) (Elf:2)
  2 sphinxes
  Polyphemus (Shoals:2)
  Gastronok (Lair:3)
  12 death cobs
  13 storm dragons
  4 tengu reavers
  13 shadow dragons
  Donald (Shoals:2)
  6 fire giants
  2 nagarajas
  3 draconian monks
  4 balrugs
  A frost giant (shapeshifter) (Vaults:5)
  2 draconian scorchers
  11 vault wardens
  6 deep elf sorcerers
  3 frost giants
  A ghost moth (Zot:3)
  3 draconian knights
  2 orc warlords
  Aizul (Snake:3)
  5 draconian annihilators
  A curse skull (Zot:2)
  20 ironbound preservers
  12 stone giants
  23 very ugly things
  3 draconian shifters
  2 war gargoyles
  5 draconian stormcallers
  10 ironbound thunderhulks
  3 vampire knights
  A quicksilver ooze (shapeshifter) (Depths:1)
  3 deep elf demonologists
  5 green draconians
  11 purple draconians
  4 spark wasps (Depths:4)
  2 yellow draconians
  3 dire elephants
  4 deep elf annihilators (Elf:3)
  5 white draconians
  A white draconian (shapeshifter) (Zot:2)
  9 red draconians
  6 black draconians
  A bunyip (shapeshifter) (Elf:3)
  A dire elephant (shapeshifter) (Zot:2)
  9 deep elf death magi
  4 deep elf high priests
  6 ettins
  6 merfolk impalers
  4 crystal guardians
  Josephine (Orc:1)
  4 fire dragons
  3 jiangshi (Depths:1)
  6 merfolk javelineers
  5 ice dragons
  An ice dragon (shapeshifter) (Depths:3)
  6 yaktaur captains
  An entropy weaver (shapeshifter) (D:15)
  Harold (D:10)
  An entropy weaver (Vaults:1)
  6 great orbs of eyes
  Fannar (Orc:1)
  3 salamander tyrants
  4 spriggan air magi
  4 ironbound frosthearts
  28 vault guards
  2 catoblepae
  2 hydras (Lair:5)
  An ogre mage (Vaults:5)
  5 rakshasas
  An alligator snapping turtle (Shoals:1)
  2 peacekeepers
  A hell beast (Depths:1)
  A boulder beetle (shapeshifter) (Zot:2)
  3 centaur warriors
  17 anacondas
  3 merfolk avatars
  7 merfolk aquamancers
  A death knight (Zot:2)
  5 boulder beetles
  An anaconda (shapeshifter) (D:15)
  2 tengu warriors
  21 dancing weapons
  6 vampire magi
  3 deep troll shamans
  8 death yaks
  4 hell hogs (Depths:1)
  20 naga warriors
  4 two-headed ogres
  3 satyrs
  3 deep troll earth magi
  3 orc high priests (Orc:2)
  5 sun demons
  Nergalle (D:10)
  3 soul eaters
  15 naga sharpshooters
  3 spriggan berserkers (Depths:4)
  12 deep elf knights
  15 skysharks
  11 hell knights
  10 shock serpents
  An iron troll (Depths:4)
  3 salamander mystics
  A sixfirhy (Depths:3)
  Lodul (D:10)
  11 skeletal warriors
  A fire crab (shapeshifter) (D:15)
  3 glowing orange brains
  12 sea snakes
  50 deep trolls
  A glowing orange brain (shapeshifter) (D:13)
  2 orb spiders (Zot:2)
  A flayed ghost (Vaults:5)
  7 naga ritualists
  A harpy (shapeshifter) (Elf:1)
  4 deep elf archers
  16 ironbound convokers
  11 orc knights
  19 deep elf zephyrmancers
  6 phantasmal warriors
  6 wizards
  8 necromancers
  6 orc sorcerers
  20 harpies
  19 deep elf pyromancers
  8 lindwurms
  A wolf spider (shapeshifter) (Vaults:5)
  14 fauns
  7 mana vipers
  A frost giant zombie (Vaults:2)
  26 ugly things
  5 cyclopes
  34 moths of wrath
  14 manticores
  22 salamanders
  3 centaur zombies (D:15)
  9 merfolk sirens
  A black mamba (shapeshifter) (Elf:1)
  24 black mambas
  5 water nymphs
  11 elephants
  15 naga magi
  16 vault sentinels
  A frost giant skeleton (Vaults:2)
  Maurice (D:11)
  A centaur skeleton (D:15)
  11 guardian serpents
  A rust devil (Depths:3)
  8 cane toads
  8 smoke demons
  4 gargoyles
  4 rime drakes
  2 unseen horrors
  A yaktaur zombie (Vaults:3)
  4 kobold demonologists (D:11)
  A komodo dragon (shapeshifter) (D:15)
  An efreet (D:15)
  11 komodo dragons
  15 yaktaurs
  A spectral naga (Snake:2)
  3 tengu conjurers
  4 harpy zombies (Zot:2)
  A meliai (shapeshifter) (Vaults:5)
  11 trolls
  A merfolk (shapeshifter) (Elf:1)
  A polar bear (Lair:3)
  2 hornets
  5 wind drakes
  2 raiju (Zot:2)
  27 merfolk
  Grinder (D:4)
  A wolf spider simulacrum (D:15)
  2 raiju (shapeshifter)
  11 dream sheep
  15 snapping turtles
  12 blink frogs
  29 slime creatures
  2 air elementals
  26 water elementals
  An ettin skeleton (Vaults:3)
  8 wyverns
  A spriggan (Depths:4)
  A ynoxinul (Depths:3)
  33 yaks
  2 fire elementals (Elf:1)
  2 fire bats (Depths:1)
  6 wraiths
  Grum (Lair:1)
  A large abomination (Elf:1)
  A neqoxec (Depths:3)
  2 chaos spawn
  2 golden eyes (Zot:5)
  A steam dragon (Lair:5)
  9 vampire mosquitoes
  A glowing shapeshifter zombie (Vaults:2)
  38 nagas
  A warg (Orc:1)
  3 acid dragons
  6 water moccasins
  A floating eye (Depths:3)
  A sky beast (D:3)
  An ice beast (D:4)
  2 black bears
  2 human zombies (Vaults:2)
  27 orc warriors
  13 ogres
  13 wolves
  3 boggarts (Zot:2)
  9 centaurs
  4 kobold brigands
  An elf zombie (Elf:1)
  7 bullfrogs
  2 gnoll sergeants
  3 earth elementals
  6 scorpions
  3 water moccasin zombies (Ossuary)
  5 killer bees
  A howler monkey (D:7)
  3 electric eels
  8 hounds
  21 orc priests
  3 gnoll boudas
  Jessica (D:2)
  2 iguanas
  17 orc wizards
  4 hell rats (Lair:4)
  2 mummies (Ossuary)
  Robin (D:2)
  25 gnolls
  9 adders
  An ufetubus (D:5)
  A worm zombie (D:8)
  5 adder zombies (Ossuary)
  A worm (D:4)
  2 dart slugs
  63 orcs
  7 endoplasms
  5 giant cockroaches
  15 goblins
  16 hobgoblins
  4 jackals (D:1)
  15 kobolds
  6 quokkas
  10 ball pythons
  7 bats
  4 frilled lizards
  6 gnoll zombies (Ossuary)
  4 hobgoblin zombies
  3 kobold zombies (Ossuary)
  3 orc zombies (Ossuary)
  5 rats
  9 bushes (Lair:5)
  4 tentacles (Shoals:1)
1792 creatures vanquished.

Vanquished Creatures (collateral kills)
  2 dread liches (Zot:5)
  An orb of fire (Zot:5)
  Tiamat (Zot:2)
  2 ancient liches
  2 Killer Klowns (Zot:5)
  6 golden dragons
  An electric golem (Zot:5)
  2 tentacled monstrosities
  6 Orb Guardians (Zot:5)
  A titan (Vaults:5)
  A deep elf blademaster (Elf:3)
  A deep elf master archer (Elf:3)
  2 eldritch tentacles
  2 sphinxes (Vaults:5)
  3 death cobs
  A tengu reaver (Vaults:5)
  5 storm dragons
  5 shadow dragons
  2 draconian monks
  3 nagarajas (Snake:4)
  4 deep elf sorcerers (Elf:3)
  3 vault wardens (Vaults:5)
  4 draconian scorchers
  2 draconian shifters
  3 draconian annihilators
  A draconian stormcaller (Zot:1)
  4 ironbound preservers
  A stone giant (Vaults:5)
  2 deep elf demonologists
  5 deep elf annihilators (Elf:3)
  5 yellow draconians
  3 white draconians
  2 dire elephants (Vaults:2)
  2 red draconians
  4 black draconians
  A green draconian (Zot:1)
  3 purple draconians
  A merfolk impaler (Shoals:4)
  An ettin (Depths:3)
  A deep elf death mage (Elf:3)
  3 yaktaur captains
  8 vault guards (Vaults:5)
  An ice dragon (Depths:3)
  2 anacondas (Snake:4)
  2 salamander tyrants (Snake:4)
  An ironbound frostheart (Vaults:2)
  A hydra (shapeshifter) (Zot:2)
  9 dancing weapons
  A satyr (Shoals:4)
  2 deep troll earth magi (Depths:4)
  A deep troll shaman (Depths:3)
  11 deep elf knights
  A naga sharpshooter (Snake:4)
  10 deep trolls
  An ironbound convoker (Vaults:2)
  A shadow demon (Depths:3)
  A naga ritualist (Snake:4)
  7 deep elf archers
  9 deep elf pyromancers
  A lindwurm (Vaults:1)
  9 deep elf zephyrmancers
  A harpy (shapeshifter) (Vaults:5)
  2 fauns (Shoals:4)
  4 moths of wrath
  A salamander (Snake:4)
  A naga mage (Snake:4)
  2 guardian serpents (Snake:4)
  2 black mambas (Snake:4)
  A rust devil (Depths:3)
  A water nymph (Shoals:4)
  2 yaktaurs (Vaults:5)
  A freezing wraith (Vaults:5)
  5 merfolk (Shoals:4)
  6 slime creatures
  2 water elementals (Shoals:4)
  An air elemental (Elf:2)
  2 fire elementals
  3 nagas (Snake:4)
  An orc warrior (Vaults:5)
  A glowing shapeshifter simulacrum (Vaults:3)
222 creatures vanquished.

Vanquished Creatures (others)
  44 eldritch tentacles
  2 draconian annihilators
  A deep troll shaman (Depths:4)
  A deep elf knight (Elf:3)
  A naga ritualist (Snake:4)
  A tengu conjurer (Depths:3)
  A bush (Lair:5)
  32 fungi
  416 plants
  3 tentacles (Shoals:1)
502 creatures vanquished.

Grand Total: 2516 creatures vanquished

Notes
Turn   | Place    | Note
-------+----------+-------------------------------------------
     0 | D:1      | billz999 the Gnoll Hunter began the quest for the Orb.
     0 | D:1      | Reached XP level 1. HP: 20/20 MP: 1/1
   140 | D:1      | Reached XP level 2. HP: 26/26 MP: 2/2
   230 | D:1      | Reached XP level 3. HP: 31/31 MP: 3/3
   272 | D:1      | Learned a level 2 spell: Static Discharge
   312 | D:1      | Reached skill level 1 in Invocations
   551 | D:1      | Reached skill level 1 in Short Blades
   551 | D:1      | Reached skill level 1 in Long Blades
   551 | D:1      | Reached skill level 1 in Axes
   551 | D:1      | Reached skill level 1 in Maces & Flails
   551 | D:1      | Reached skill level 1 in Polearms
   551 | D:1      | Reached skill level 1 in Staves
   551 | D:1      | Reached skill level 1 in Throwing
   551 | D:1      | Reached skill level 1 in Armour
   551 | D:1      | Reached skill level 1 in Shields
   551 | D:1      | Reached skill level 1 in Unarmed Combat
   551 | D:1      | Reached skill level 1 in Spellcasting
   551 | D:1      | Reached skill level 1 in Evocations
   615 | D:1      | Reached XP level 4. HP: 38/38 MP: 5/5
   794 | D:2      | Noticed Jessica
   803 | D:2      | Killed Jessica
   804 | D:2      | Reached skill level 1 in Conjurations
   804 | D:2      | Reached skill level 1 in Hexes
   804 | D:2      | Reached skill level 1 in Summonings
   804 | D:2      | Reached skill level 1 in Necromancy
   804 | D:2      | Reached skill level 1 in Translocations
   804 | D:2      | Reached skill level 1 in Transmutations
   804 | D:2      | Reached skill level 1 in Fire Magic
   804 | D:2      | Reached skill level 1 in Ice Magic
   804 | D:2      | Reached skill level 1 in Air Magic
   804 | D:2      | Reached skill level 1 in Earth Magic
   804 | D:2      | Reached skill level 1 in Poison Magic
   974 | D:2      | Found a faded altar of an unknown god.
  1009 | D:2      | Reached XP level 5. HP: 43/43 MP: 7/7
  1111 | D:2      | Noticed a black bear
  1124 | D:2      | Killed a black bear
  1325 | D:2      | Reached XP level 6. HP: 50/50 MP: 8/8
  1325 | D:2      | Noticed Robin
  1340 | D:2      | Killed Robin
  1530 | D:2      | Reached skill level 5 in Fighting
  1530 | D:2      | Reached skill level 5 in Dodging
  2110 | D:3      | Noticed a sky beast
  2122 | D:3      | Killed a sky beast
  2196 | D:3      | Found a glowing golden altar of the Shining One.
  2509 | D:3      | Learned a level 2 spell: Poisonous Vapours
  2513 | D:3      | Learned a level 3 spell: Mephitic Cloud
  2552 | D:4      | Noticed an ice beast
  2566 | D:4      | Killed an ice beast
  2567 | D:4      | Reached XP level 7. HP: 48/56 MP: 8/10
  3074 | D:4      | Found a large runed translucent door.
  3074 | D:4      | Found a large runed translucent door.
  3075 | D:4      | Noticed bearlyready's ghost (novice AtRe)
  3480 | D:4      | Noticed Grinder
  3498 | D:4      | Killed Grinder
  3588 | D:4      | Reached XP level 8. HP: 60/63 MP: 12/12
  3975 | D:5      | Entered Level 5 of the Dungeon
  4448 | D:5      | Found Reakiwk's CLEARANCE SALE!.
  5261 | D:5      | Reached skill level 6 in Dodging
  5515 | D:6      | Reached XP level 9. HP: 55/69 MP: 4/14
  5636 | D:6      | Found Voddelyx's Vocational Training.
  5733 | D:6      | Found a sparkling altar of Nemelex Xobeh.
  5733 | D:6      | Found a shimmering blue altar of Sif Muna.
  5733 | D:6      | Found a blossoming altar of Fedhas.
  5733 | D:6      | Found a shimmering altar of Xom.
  5740 | D:6      | Found a basalt altar of Yredelemnul.
  5740 | D:6      | Found a broken altar of Ashenzari.
  6092 | D:6      | Found an ornate altar of the Wu Jian Council.
  6466 | D:6      | Found a staircase to the Ecumenical Temple.
  6493 | Temple   | Entered the Ecumenical Temple
  6744 | Temple   | Became a worshipper of Gozag Ym Sagoz the Greedy
  6863 | D:6      | Reached skill level 5 in Stealth
  7025 | D:7      | Noticed a gargoyle
  7053 | D:7      | Killed a gargoyle
  7054 | D:7      | Reached skill level 5 in Invocations
  7088 | D:7      | Found the +6 shillelagh "Devastator" {shatter}
  7113 | D:7      | Found a radiant altar of Vehumet.
  7141 | D:7      | Noticed a two-headed ogre
  7167 | D:7      | Killed a two-headed ogre
  7168 | D:7      | Reached skill level 5 in Short Blades
  7168 | D:7      | Reached skill level 5 in Long Blades
  7168 | D:7      | Reached skill level 5 in Axes
  7168 | D:7      | Reached skill level 5 in Maces & Flails
  7168 | D:7      | Reached skill level 5 in Polearms
  7168 | D:7      | Reached skill level 5 in Staves
  7168 | D:7      | Reached skill level 5 in Throwing
  7168 | D:7      | Reached skill level 5 in Armour
  7168 | D:7      | Reached skill level 5 in Shields
  7168 | D:7      | Reached skill level 5 in Unarmed Combat
  7168 | D:7      | Reached skill level 5 in Spellcasting
  7168 | D:7      | Reached skill level 5 in Evocations
  7168 | D:7      | Reached XP level 10. HP: 63/77 MP: 4/17
  7173 | D:7      | Reached skill level 10 in Ranged Weapons
  7415 | D:7      | Learned a level 5 spell: Freezing Cloud
  7431 | D:7      | Found Cuith's Book Shoppe.
  7499 | D:7      | Reached skill level 7 in Dodging
  8178 | D:8      | Found a sand-covered staircase.
  8183 | Ossuary  | Entered an ossuary
  8454 | D:8      | Found a runed translucent gate.
  8454 | D:8      | Found a runed translucent gate.
  8454 | D:8      | Found a runed translucent gate.
  8454 | D:8      | Noticed pokeman's ghost (novice DEHW)
  8469 | D:8      | Found a flagged portal.
  8478 | Bailey   | Entered a bailey
  8674 | Bailey   | Noticed an orc knight
  8689 | Bailey   | Killed an orc knight
  8863 | Bailey   | Found a large runed translucent door.
  8863 | Bailey   | Found a large runed translucent door.
  8864 | Bailey   | Noticed a deep elf pyromancer
  8883 | Bailey   | Killed a deep elf pyromancer
  8891 | Bailey   | Identified the +12 arbalest "Iweybral" {penet, *Slow
                  | Will+++ rCorr SInv}
  9493 | D:8      | Noticed a two-headed ogre
  9500 | D:8      | Killed a two-headed ogre
  9864 | D:8      | Found an iron altar of Okawaru.
 10639 | D:9      | Reached skill level 5 in Conjurations
 10639 | D:9      | Reached skill level 5 in Hexes
 10639 | D:9      | Reached skill level 5 in Summonings
 10639 | D:9      | Reached skill level 5 in Necromancy
 10639 | D:9      | Reached skill level 5 in Translocations
 10639 | D:9      | Reached skill level 5 in Transmutations
 10639 | D:9      | Reached skill level 5 in Fire Magic
 10639 | D:9      | Reached skill level 5 in Ice Magic
 10639 | D:9      | Reached skill level 5 in Air Magic
 10639 | D:9      | Reached skill level 5 in Earth Magic
 10639 | D:9      | Reached skill level 5 in Poison Magic
 10639 | D:9      | Reached XP level 11. HP: 85/85 MP: 20/20
 10655 | D:9      | Found a staircase to the Lair.
 10734 | D:9      | Found a staircase to the Orcish Mines.
 11429 | Lair:1   | Entered Level 1 of the Lair of Beasts
 11505 | Lair:1   | Noticed Grum
 11514 | Lair:1   | Reached skill level 8 in Dodging
 11522 | Lair:1   | Killed Grum
 11690 | Lair:1   | You fall into a shaft and drop 1 floor!
 12090 | Lair:2   | Reached XP level 12. HP: 94/94 MP: 11/22
 12242 | Lair:2   | Noticed a catoblepas
 12253 | Lair:2   | Killed a catoblepas
 12919 | Lair:3   | Noticed a death yak
 12920 | Lair:3   | Noticed a death yak
 12923 | Lair:3   | Noticed a death yak
 12923 | Lair:3   | Noticed a death yak
 12924 | Lair:3   | Killed a death yak
 12925 | Lair:3   | Reached skill level 9 in Dodging
 12927 | Lair:3   | Killed a death yak
 12928 | Lair:3   | Killed a death yak
 12930 | Lair:3   | Killed a death yak
 13261 | D:2      | Identified the ring of Venif {Fly rPois Will- Int+8 Stlth-}
 13604 | Lair:3   | Noticed Gastronok
 13611 | Lair:3   | Killed Gastronok
 13682 | Lair:3   | Found a staircase to the Shoals.
 13952 | Lair:3   | Found a staircase to the Snake Pit.
 14115 | Lair:3   | Noticed a skyshark
 14122 | Lair:3   | Killed a skyshark
 14248 | Lair:3   | Reached XP level 13. HP: 101/101 MP: 25/25
 14583 | Lair:4   | Found a runed translucent door.
 14584 | Lair:4   | Found a staircase to the Slime Pits.
 14584 | Lair:4   | Noticed an acid blob
 14595 | Lair:4   | Killed an acid blob
 15722 | Lair:5   | Entered Level 5 of the Lair of Beasts
 15895 | Lair:5   | Reached skill level 10 in Fighting
 15895 | Lair:5   | Reached skill level 10 in Dodging
 16252 | Lair:5   | Reached skill level 10 in Invocations
 16252 | Lair:5   | Reached XP level 14. HP: 110/110 MP: 20/27
 17646 | Lair:5   | Reached skill level 10 in Stealth
 17646 | Lair:5   | Reached XP level 15. HP: 117/117 MP: 28/28
 17851 | Orc:1    | Entered Level 1 of the Orcish Mines
 17982 | Orc:1    | Noticed Josephine
 17994 | Orc:1    | Killed Josephine
 18130 | Orc:1    | Noticed Fannar
 18137 | Orc:1    | Killed Fannar
 18549 | Orc:2    | Entered Level 2 of the Orcish Mines
 19028 | Orc:2    | Reached skill level 10 in Short Blades
 19028 | Orc:2    | Reached skill level 10 in Long Blades
 19028 | Orc:2    | Reached skill level 10 in Axes
 19028 | Orc:2    | Reached skill level 10 in Maces & Flails
 19028 | Orc:2    | Reached skill level 10 in Polearms
 19028 | Orc:2    | Reached skill level 10 in Staves
 19028 | Orc:2    | Reached skill level 10 in Throwing
 19028 | Orc:2    | Reached skill level 10 in Armour
 19028 | Orc:2    | Reached skill level 11 in Dodging
 19028 | Orc:2    | Reached skill level 10 in Shields
 19028 | Orc:2    | Reached skill level 10 in Unarmed Combat
 19028 | Orc:2    | Reached skill level 10 in Spellcasting
 19028 | Orc:2    | Reached skill level 10 in Evocations
 19204 | Orc:2    | Found Qaqaont's General Store.
 19204 | Orc:2    | Found Nunukix's Antique Armour Emporium.
 19206 | Orc:2    | Found Sycitul's Book Boutique.
 19206 | Orc:2    | Found Qeojyclut's General Store.
 19214 | Orc:2    | Bought a book of Transfigurations for 600 gold pieces
 19220 | Orc:2    | Learned a level 5 spell: Irradiate
 19311 | Orc:2    | Found a staircase to the Elven Halls.
 19432 | Orc:2    | Found Ziusecon's General Store.
 19710 | Orc:2    | Bought a potion of heal wounds for 65 gold pieces
 19772 | Orc:2    | Bought the +2 hood of the Assassin {Detect Stab+ Stlth++}
                  | for 2160 gold pieces
 19772 | Orc:2    | Found the +2 hood of the Assassin {Detect Stab+ Stlth++}
 19953 | D:10     | Entered Level 10 of the Dungeon
 20144 | D:10     | Noticed Nergalle
 20152 | D:10     | Killed Nergalle
 20328 | D:10     | Noticed Harold
 20333 | D:10     | Killed Harold
 20401 | D:10     | Noticed Lodul
 20404 | D:10     | Killed Lodul
 20916 | D:10     | Found a hazy altar of Hepliaklqana.
 20999 | D:11     | Noticed Maurice
 21034 | D:11     | Killed Maurice
 21294 | D:11     | Learned a level 6 spell: Statue Form
 22392 | D:12     | Identified the +11 arbalest "Gakleseoxu" {drain, rC+ Dex+5}
 22576 | D:12     | Found a portal to a secret trove of treasure.
 23365 | D:13     | Found Zuotz's Antique Armour Emporium.
 23377 | D:13     | Bought an ominously black robe for 176 gold pieces
 23377 | D:13     | Identified the +1 robe of the Immovable Tales {Dex+4} (You
                  | bought it in a shop on level 13 of the Dungeon)
 23377 | D:13     | Bought a spiked scale mail for 279 gold pieces
 23377 | D:13     | Identified the +4 scale mail of Roamixis {+Inv rPois Int+2
                  | Dex-4} (You bought it in a shop on level 13 of the Dungeon)
 23570 | D:13     | Reached XP level 16. HP: 126/126 MP: 24/30
 24457 | D:13     | Found a gate to the Vaults.
 25490 | D:14     | Identified the +5 hand axe "Keden" {venom, Int+3 SInv}
 25804 | D:15     | Entered Level 15 of the Dungeon
 26126 | D:15     | Found a frozen archway.
 26322 | D:15     | Found a blossoming altar of Fedhas.
 26932 | D:15     | Found a staircase to the Depths.
 27324 | Snake:1  | Entered Level 1 of the Snake Pit
 27522 | Snake:1  | Reached skill level 12 in Dodging
 28233 | Snake:1  | Found Varos's Weapon Shop.
 28235 | Snake:1  | Found Bythiol's Assorted Antiques.
 28235 | Snake:1  | Found Ystiyvoge's Antique Weapon Boutique.
 28248 | Snake:1  | Found Suzxu's Armour Boutique.
 28433 | Snake:1  | Bought a potion of heal wounds for 170 gold pieces
 29534 | Snake:2  | Reached XP level 17. HP: 114/133 MP: 5/32
 32144 | Snake:3  | Reached skill level 10 in Conjurations
 32144 | Snake:3  | Reached skill level 10 in Hexes
 32144 | Snake:3  | Reached skill level 10 in Summonings
 32144 | Snake:3  | Reached skill level 10 in Necromancy
 32144 | Snake:3  | Reached skill level 10 in Translocations
 32144 | Snake:3  | Reached skill level 10 in Transmutations
 32144 | Snake:3  | Reached skill level 10 in Fire Magic
 32144 | Snake:3  | Reached skill level 10 in Ice Magic
 32144 | Snake:3  | Reached skill level 10 in Air Magic
 32144 | Snake:3  | Reached skill level 10 in Earth Magic
 32144 | Snake:3  | Reached skill level 10 in Poison Magic
 32288 | Snake:3  | Found Hosh's Book Emporium.
 32288 | Snake:3  | Found Ozeitox Axea's Jewellery Shop.
 32289 | Snake:3  | Found Tozxegg's Book Emporium.
 32399 | Snake:3  | Bought a book of Decay for 480 gold pieces
 32406 | Snake:3  | Learned a level 6 spell: Death Channel
 32411 | Snake:3  | Learned a level 4 spell: Dispel Undead
 33739 | Shoals:1 | Entered Level 1 of the Shoals
 34530 | Shoals:1 | Noticed a kraken
 34535 | Shoals:1 | Killed a kraken
 35588 | Shoals:1 | Bought a scroll of teleportation for 42 gold pieces
 35614 | Shoals:2 | Noticed Polyphemus
 35619 | Shoals:2 | Killed Polyphemus
 35620 | Shoals:2 | Reached skill level 13 in Dodging
 35827 | Shoals:2 | Reached XP level 18. HP: 95/143 MP: 29/34
 36013 | Shoals:2 | Found Keseas's Magic Scroll Emporium.
 36019 | Shoals:2 | Noticed Donald
 36025 | Shoals:2 | Killed Donald
 36100 | Shoals:2 | Bought a scroll of acquirement for 676 gold pieces
 36100 | Shoals:2 | Acquired 846 gold pieces
 36468 | Shoals:2 | Found Anoitul's Book Boutique.
 36487 | Shoals:2 | Bought a book of Death for 704 gold pieces
 38417 | Shoals:3 | Identified the +7 rapier of Muply {drain, rPois}
 38420 | Shoals:3 | Found Keyb's Assorted Antiques.
 38545 | Shoals:4 | Entered Level 4 of the Shoals
 38849 | Shoals:4 | Reached skill level 15 in Ranged Weapons
 38968 | Shoals:4 | Learned a level 7 spell: Malign Gateway
 39572 | Shoals:4 | Got a barnacled rune of Zot
 40254 | Shoals:4 | Identified the staff of fire "Rooto Vyecu" {rF+ Will+ rCorr
                  | Dex+3}
 40994 | Snake:4  | Entered Level 4 of the Snake Pit
 40994 | Snake:4  | Noticed Aizul
 41005 | Snake:3  | Killed Aizul
 41085 | Snake:4  | Reached XP level 19. HP: 112/151 MP: 2/36
 41119 | Snake:4  | Found a flickering gateway to a bazaar.
 41147 | Bazaar   | Entered a bazaar
 41276 | Bazaar   | Found Wiqah's Jewellery Shop.
 41290 | Bazaar   | Found Geuneqa's Book Shop.
 41298 | Bazaar   | Bought the Commentary on Enthralling Detritus for 598 gold
                  | pieces
 41523 | Snake:4  | Identified the staff of fire "Yhedunt" {rElec rF+ rC++
                  | Str+3 Dex-4}
 42422 | Snake:4  | Found Jaxtuci's Gadget Gallery.
 42588 | Snake:4  | Reached skill level 14 in Dodging
 43217 | Snake:4  | Got the Anthology of the Inferno and Moulding
 43220 | Snake:4  | Got a serpentine rune of Zot
 43539 | Vaults:1 | Entered Level 1 of the Vaults
 43765 | Vaults:1 | Got Archalush's Vellum of Assistive Assaults
 44868 | Vaults:1 | Reached XP level 20. HP: 147/160 MP: 11/37
 45039 | Vaults:1 | Identified the +2 quarterstaff "Wotad" {venom, SInv}
 45055 | Vaults:1 | Bought the +2 pair of slick slippers {slick, slippery,
                  | EV+5} for 765 gold pieces
 45055 | Vaults:1 | Found the +2 pair of slick slippers {slick, slippery, EV+5}
 45731 | Vaults:2 | Found Getaph's Book Emporium.
 45785 | Vaults:2 | Learned a level 5 spell: Borgnjor's Vile Clutch
 45941 | Vaults:2 | Reached skill level 15 in Invocations
 46801 | Vaults:2 | Found a staircase to the Crypt.
 46801 | Vaults:2 | Found a basalt altar of Yredelemnul.
 46802 | Vaults:2 | Found an ancient bone altar of Kikubaaqudgha.
 47486 | Vaults:3 | Noticed Frederick
 47492 | Vaults:3 | Killed Frederick
 48508 | Vaults:3 | Reached skill level 15 in Fighting
 48508 | Vaults:3 | Reached skill level 15 in Dodging
 48796 | Vaults:3 | Noticed Mennas
 48804 | Vaults:3 | Killed Mennas
 48998 | Vaults:3 | Reached XP level 21. HP: 168/168 MP: 34/39
 49123 | Vaults:3 | Identified the +7 arbalest of the Valley {freeze, rF+
                  | Str+3}
 49214 | Vaults:3 | Found a transporter.
 49678 | Vaults:4 | Found a transporter.
 49678 | Vaults:4 | Found a transporter.
 49708 | Vaults:4 | Found a transporter.
 49710 | Vaults:4 | Found a transporter.
 49726 | Vaults:4 | Found a transporter.
 50305 | Vaults:4 | Identified the +0 chain mail "Foarph" {Regen+ rCorr}
 50580 | Vaults:4 | Found a runed translucent gate.
 50581 | Vaults:4 | Found a runed translucent gate.
 50581 | Vaults:4 | Found a runed translucent gate.
 51043 | Vaults:4 | Found Filou's Distillery.
 51051 | Vaults:4 | Bought a potion of curing for 57 gold pieces
 51051 | Vaults:4 | Bought a potion of curing for 57 gold pieces
 51841 | Depths:1 | Entered Level 1 of the Depths
 52032 | Depths:1 | Bought a scroll of blinking for 300 gold pieces
 52048 | Depths:1 | Reached skill level 15 in Stealth
 52331 | Depths:1 | Found a gateway to Hell.
 53464 | Depths:1 | Identified the +4 robe of the Grim God {Will+ Int+2 Dex+5}
 53880 | Depths:1 | Found an ancient bone altar of Kikubaaqudgha.
 54095 | Depths:1 | Reached skill level 15 in Short Blades
 54095 | Depths:1 | Reached skill level 15 in Long Blades
 54095 | Depths:1 | Reached skill level 15 in Axes
 54095 | Depths:1 | Reached skill level 15 in Maces & Flails
 54095 | Depths:1 | Reached skill level 15 in Polearms
 54095 | Depths:1 | Reached skill level 15 in Staves
 54095 | Depths:1 | Reached skill level 15 in Throwing
 54095 | Depths:1 | Reached skill level 15 in Armour
 54095 | Depths:1 | Reached skill level 15 in Shields
 54095 | Depths:1 | Reached skill level 15 in Unarmed Combat
 54095 | Depths:1 | Reached skill level 15 in Spellcasting
 54095 | Depths:1 | Reached skill level 15 in Evocations
 56104 | Depths:2 | Upgraded the game from 0.30-a0-924-g0ad0bf95bc to
                  | 0.30-a0-930-gb9d0489357
 56230 | Depths:2 | Bought translucent gold dragon scales for 2550 gold pieces
 56230 | Depths:2 | Identified the +10 gold dragon scales "Midoo" {rPois rF+
                  | rC+ MP-9 Int+7} (You bought it in a shop on level 2 of the
                  | Depths)
 56230 | Depths:2 | Bought a translucent chain mail for 285 gold pieces
 56230 | Depths:2 | Identified the +5 chain mail "Zoleth" {Will- rCorr MP+9
                  | Dex+3 Slay+6} (You bought it in a shop on level 2 of the
                  | Depths)
 56380 | Depths:2 | Found a one-way gate leading to the halls of Pandemonium.
 56506 | Depths:2 | Bought glowing steam dragon scales for 1290 gold pieces
 56703 | Depths:2 | Found a runed translucent door.
 56703 | Depths:2 | Found a shimmering altar of Xom.
 56703 | Depths:2 | Noticed oldriver's ghost (adept DrIE)
 56705 | Depths:2 | Identified the +6 dire flail "Loganoz" {chaos, Fragile
                  | rElec Will+}
 56796 | Depths:3 | Reached XP level 22. HP: 177/177 MP: 12/41
 56995 | Depths:2 | Killed oldriver's ghost
 57076 | Depths:2 | Identified the ring "Efiowkuc" {rPois rF+ Stlth+}
 57353 | Depths:2 | Found a hide-covered altar of Uskayaw.
 57676 | Depths:3 | Found a one-way gate to the infinite horrors of the Abyss.
 58329 | Depths:3 | Found a one-way gateway to a ziggurat.
 58451 | Depths:4 | Entered Level 4 of the Depths
 58788 | Depths:4 | Reached skill level 16 in Dodging
 59313 | Depths:4 | Found a gate to the Realm of Zot.
 59583 | Depths:4 | Noticed a golden dragon
 61198 | Depths:4 | Found a shimmering blue altar of Sif Muna.
 61565 | Depths:4 | Killed a golden dragon
 62179 | Vaults:5 | Entered Level 5 of the Vaults
 62179 | Vaults:5 | Noticed an ancient lich
 62198 | Vaults:5 | Noticed a golden dragon
 62216 | Vaults:5 | Killed an ancient lich
 62217 | Vaults:5 | Reached XP level 23. HP: 185/185 MP: 26/42
 62241 | Vaults:5 | Killed a golden dragon
 62264 | Vaults:5 | Noticed a golden dragon
 62270 | Vaults:5 | Killed a golden dragon
 62510 | Vaults:5 | Noticed an ancient lich
 62779 | Vaults:5 | Noticed Jory
 62791 | Vaults:5 | Killed Jory
 62989 | Vaults:5 | Killed an ancient lich
 63781 | Vaults:5 | Found Ocheve's Weapon Shoppe.
 63781 | Vaults:5 | Noticed a dread lich
 63798 | Vaults:5 | Killed a dread lich
 64066 | Vaults:5 | Reached skill level 17 in Dodging
 64870 | Vaults:5 | Got a silver rune of Zot
 65120 | Vaults:5 | Learned a level 8 spell: Infestation
 65434 | Zot:1    | Entered Level 1 of the Realm of Zot
 65508 | Zot:1    | Reached XP level 24. HP: 195/195 MP: 28/43
 67420 | Zot:2    | Found a transporter.
 67428 | Zot:2    | Noticed a shard shrike
 67430 | Zot:2    | Noticed a shard shrike
 68284 | Zot:2    | Found a transporter.
 68685 | Zot:2    | Found the +4 dragonskin cloak
 68685 | Zot:2    | Noticed Tiamat
 69332 | Zot:2    | Noticed a shard shrike
 69419 | Zot:2    | Reached skill level 18 in Dodging
 70807 | Zot:2    | Found a corrupted altar of Lugonu.
 71320 | Zot:2    | Killed Tiamat
 71323 | Zot:2    | Noticed a caustic shrike
 71348 | Zot:2    | Noticed a shard shrike
 71352 | Zot:2    | Noticed Meadakhi's ghost (master DgEE)
 71560 | Zot:3    | Noticed a curse toe
 71563 | Zot:3    | Reached XP level 25. HP: 181/203 MP: 11/44
 71844 | Zot:3    | Upgraded the game from 0.30-a0-930-gb9d0489357 to
                  | 0.30-a0-948-g4fa250aae5
 72577 | Zot:3    | Learned a level 7 spell: Haunt
 73636 | Zot:4    | Paralysed by a Zot trap for 5 turns
 73645 | Zot:4    | Gained mutation: Your spells are a little harder to cast,
                  | but a little more powerful. [mutagenic glow]
 73653 | Zot:4    | Gained mutation: You are clumsy. (Dex -2) [mutagenic glow]
 73910 | Zot:4    | Lost mutation: You are clumsy. (Dex -2) [potion of
                  | mutation]
 73910 | Zot:4    | Lost mutation: Your spells are a little harder to cast, but
                  | a little more powerful. [potion of mutation]
 73910 | Zot:4    | Gained mutation: You are agile. (Dex +4, Str/Int -1)
                  | [potion of mutation]
 73910 | Zot:4    | Gained mutation: Your spells are a little easier to cast,
                  | but a little less powerful. [potion of mutation]
 73910 | Zot:4    | Lost mutation: Your spells are a little easier to cast, but
                  | a little less powerful. [potion of mutation]
 74529 | Zot:4    | Found a transporter.
 74557 | Zot:4    | Reached skill level 19 in Dodging
 74806 | Zot:4    | Found a transporter.
 74908 | Zot:4    | Found a transporter.
 75000 | Zot:4    | Found a transporter.
 75026 | Zot:5    | Entered Level 5 of the Realm of Zot
 75793 | Zot:5    | Reached skill level 15 in Conjurations
 75793 | Zot:5    | Reached skill level 15 in Hexes
 75793 | Zot:5    | Reached skill level 15 in Summonings
 75793 | Zot:5    | Reached skill level 15 in Necromancy
 75793 | Zot:5    | Reached skill level 15 in Translocations
 75793 | Zot:5    | Reached skill level 15 in Transmutations
 75793 | Zot:5    | Reached skill level 15 in Fire Magic
 75793 | Zot:5    | Reached skill level 15 in Ice Magic
 75793 | Zot:5    | Reached skill level 15 in Air Magic
 75793 | Zot:5    | Reached skill level 15 in Earth Magic
 75793 | Zot:5    | Reached skill level 15 in Poison Magic
 75919 | Zot:5    | Noticed a dread lich
 75933 | Zot:5    | Killed a dread lich
 77086 | Zot:5    | Noticed a Killer Klown
 77092 | Zot:5    | Noticed a Killer Klown
 77094 | Zot:5    | Noticed a Killer Klown
 77097 | Zot:5    | Paralysed by a Zot trap for 3 turns
 77101 | Zot:5    | Killed a Killer Klown
 77104 | Zot:5    | Killed a Killer Klown
 77140 | Zot:5    | Killed a Killer Klown
 77291 | Zot:5    | Noticed a dread lich
 77296 | Zot:5    | Killed a dread lich
 77302 | Zot:5    | Noticed an ancient lich
 77305 | Zot:5    | Noticed a dread lich
 77307 | Zot:5    | Killed an ancient lich
 77308 | Zot:5    | Reached XP level 26. HP: 212/212 MP: 24/44
 77312 | Zot:5    | Killed a dread lich
 77377 | Zot:5    | Noticed a Killer Klown
 77383 | Zot:5    | Killed a Killer Klown
 77479 | Zot:5    | Noticed a Killer Klown
 77511 | Zot:5    | Killed a Killer Klown
 77648 | Zot:5    | Noticed an orb of fire
 77650 | Zot:5    | Gained mutation: Your natural rate of healing is unusually
                  | fast. [an orb of fire]
 77652 | Zot:5    | Gained mutation: You sometimes lose your temper in combat.
                  | [an orb of fire]
 77655 | Zot:5    | Noticed an orb of fire
 77660 | Zot:5    | Lost mutation: You are agile. (Dex +4, Str/Int -1) [an orb
                  | of fire]
 77667 | Zot:5    | Noticed an orb of fire
 77734 | Zot:4    | Lost mutation: Your natural rate of healing is unusually
                  | fast. [potion of mutation]
 77734 | Zot:4    | Lost mutation: You sometimes lose your temper in combat.
                  | [potion of mutation]
 77734 | Zot:4    | Gained mutation: Your flesh is heat resistant. (rF+)
                  | [potion of mutation]
 77734 | Zot:4    | Gained mutation: You are somewhat resistant to further
                  | mutation. [potion of mutation]
 77734 | Zot:4    | Gained mutation: You have a pair of small antennae on your
                  | head. [potion of mutation]
 77905 | Zot:5    | Noticed an orb of fire
 77910 | Zot:5    | Gained mutation: You occasionally shout uncontrollably at
                  | your foes. [an orb of fire]
 77922 | Zot:5    | Gained mutation: You are frail. (-10% HP) [an orb of fire]
 77924 | Zot:5    | Gained mutation: You are very frail. (-20% HP) [an orb of
                  | fire]
 77931 | Zot:5    | Killed an orb of fire
 78594 | Zot:4    | Lost mutation: You are very frail. (-20% HP) [potion of
                  | mutation]
 78594 | Zot:4    | Lost mutation: You are somewhat resistant to further
                  | mutation. [potion of mutation]
 78594 | Zot:4    | Lost mutation: Your flesh is heat resistant. (rF+) [potion
                  | of mutation]
 78594 | Zot:4    | Gained mutation: You are clumsy. (Dex -2) [potion of
                  | mutation]
 78673 | Zot:5    | Reached skill level 20 in Dodging
 79562 | Elf:1    | Entered Level 1 of the Elven Halls
 79786 | Elf:1    | Found Bilyok's Jewellery Boutique.
 79790 | Elf:1    | Found Pogg's Armour Boutique.
 80496 | Elf:1    | Got the Enchiridion on Lamentation
 81449 | Elf:2    | Found a runed translucent gate.
 81450 | Elf:2    | Found a runed translucent gate.
 81451 | Elf:2    | Found a runed translucent gate.
 81874 | Elf:2    | Identified the +4 glaive of Reasonable Prudence {holy, rC+
                  | rCorr}
 82236 | Elf:3    | Entered Level 3 of the Elven Halls
 82236 | Elf:3    | Found a transporter.
 82266 | Elf:3    | Found a transporter.
 82423 | Elf:3    | Found a transporter.
 82424 | Elf:3    | Found a transporter.
 82694 | Elf:3    | Found a transporter.
 82695 | Elf:3    | Found a transporter.
 83144 | Elf:3    | Reached XP level 27. HP: 198/198 MP: 39/45
 83184 | Elf:3    | Identified the ring "Vigi" {rF+ Str+2}
 83305 | Elf:3    | Identified the +3 gold dragon scales of the Baker {-Cast
                  | Harm rPois rF+ rC+ rCorr}
 83307 | Elf:3    | Identified the +0 long sword of Disintegration {antimagic,
                  | *Slow rElec Str+3}
 83308 | Elf:3    | Identified the +5 halberd of Umiseuwn {antimagic, Will+
                  | Int+3 Dex+3}
 83308 | Elf:3    | Identified the +2 leather armour "Yjeopups" {Harm Dex-2
                  | SInv Stlth+}
 83517 | Elf:3    | Identified the +3 flail of Vaciopn {heavy, Dex+3}
 83821 | Elf:3    | Reached skill level 21 in Dodging
 83912 | Elf:3    | Identified the +7 dagger of Causality {vamp, Str+2 Int+4}
 83916 | Elf:3    | Identified the staff of fire "Kexziff" {rF+ Str+3}
 83918 | Elf:3    | Got the Volume of Volcanic Dislocation
 83920 | Elf:3    | Identified the +0 sling of Patience {elec, Contam rCorr
                  | Dex+5}
 83922 | Elf:3    | Identified the staff of death "Ybedibrulua" {Fly rPois rN+
                  | rCorr Int-3}
 84186 | Elf:3    | Learned a level 7 spell: Dragon Form
 84718 | Zot:5    | Gained mutation: You are dopey. (Int -2) [an orb of fire]
 84720 | Zot:5    | Killed an orb of fire
 84736 | Zot:5    | Killed an orb of fire
 84785 | Zot:5    | Gained mutation: You are very clumsy. (Dex -4) [an orb of
                  | fire]
 84787 | Zot:5    | Killed an orb of fire
 85212 | Zot:5    | Noticed a dread lich
 85220 | Zot:5    | Got the Orb of Zot
 85465 | D:15     | Noticed Rucryzil the pandemonium lord
 85479 | D:14     | Noticed a seraph
 85605 | D:9      | Noticed Acuer the pandemonium lord
 85781 | D:$      | Escaped with the Orb!

Illustrated notes

Levels and vault maps discovered:
D:1:      matt_arrival_refuge, layout_basic
D:2:      layout_loops_corners, hellmonk_ecumenical_altar_heavens_door,
          chequers_serial_rivers_room_b, item_on_display_b, uniq_robin,
          uniq_jessica
D:3:      layout_basic, nicolae_tso_carved_into_rock
D:4:      layout_layer_cave, ebering_ghost_disaster_area, uniq_grinder
D:5:      layout_cave_pods, nicolae_shop_clearance
D:6:      layout_loops_corners, nicolae_wu_jian_immortal_techniques,
          minmay_overflow_temple_hex, minmay_temple_entry_glass, serial_glass,
          glass_columns_a, glass_columns_c, glass_columns_a, glass_columns_c,
          glass_columns_c, glass_columns_c, dreamdust_princess_corridor,
          nicolae_shop_vocational
D:7:      layout_basic, nicolae_vehumet_altar_sigil, serial_shops,
          nicolae_lakefront_shop, dilly_guarded_unrand_devastator
D:8:      layout_layer_cave, okawaru_gym_becter, enter_ossuary_3,
          enter_bailey_6, gammafunk_ghost_spectres, minmay_misc_feat_tower,
          minmay_puff
D:9:      layout_irregular_city, lair_entry_dummy, orc_0_dummy,
          grunt_ministairs_2
D:10:     layout_basic, mainiacjoe_overflow_alcove_4, chequers_arboretum,
          uniq_nergalle, uniq_lodul, uniq_harold
D:11:     layout_basic, uniq_maurice
D:12:     layout_stronghold, trove_entry_hex_spiral
D:13:     layout_basic, david_vaults_1, serial_shops, shop
D:14:     layout_irregular_city, roderic_serpentine_path
D:15:     grunt_enter_depths_magical_seal, layout_irregular_city,
          fedhas_altar_4, portal_ice_cave_entry_pillars_2
Temple:   grunt_temple_mini_profane
Lair:1:   layout_hall_layers, serial_bayou_shore_b, lemuel_fruit_tree,
          grunt_megastairs_1, serial_bayou_shore_b, uniq_grum, uniq_urug
Lair:2:   layout_cave_pods
Lair:3:   layout_concentric_octagons, elwin_shoals_entry_rocks,
          guppyfry_snake_entry_garden, uniq_gastronok
Lair:4:   layout_cave_pods, slime_entry_2
Lair:5:   gammafunk_lair_ancient_temple, layout_concentric_octagons,
          serial_forest, infiniplex_forest_lined_2,
          infiniplex_forest_lined_room_3, infiniplex_forest_join,
          infiniplex_forest_lined_3, infiniplex_forest_straight_3,
          infiniplex_forest_fountain, infiniplex_forest_lined_corner,
          infiniplex_forest_lined_2, chequers_serial_rivers_micro_b, st_stairs_7
Shoals:1: layout_shoals
Shoals:2: layout_shoals, serial_shops, shop, shop, uniq_donald, uniq_polyphemus
Shoals:3: layout_shoals, nicolae_take_the_stairs
Shoals:4: shoals_end_grunt_garden, layout_shoals
Snake:1:  layout_chambers, corexii_hall_statues_i, minmay_shoptagon,
          grunt_megastairs_5, serial_bayou_shore_a
Snake:2:  layout_layer_cave, st_stairs_6, nicolae_snake_ghostly_warrior_ritual,
          nicolae_integral_box
Snake:3:  layout_layer_cave, minmay_shop_grove, grunt_megastairs_4,
          serial_bayou_shore_b
Snake:4:  grunt_snake_rune_serpentine_throne, layout_onion_interference,
          serial_shops, bzr_entry_islet, nicolae_shop_gadgets, uniq_aizul
Orc:1:    layout_diamond_mine, uniq_josephine, uniq_fannar
Orc:2:    grunt_orc_tribal_feast, layout_caves, serial_shops,
          nicolae_shop_behind_doors
Elf:1:    layout_loops_cross, minmay_elf_necromancy, minmay_shop_star
Elf:2:    nicolae_elf_blades_splatter_lattice
          [nicolae_blade_entry_sentries_behind_glass], layout_gridlike
Elf:3:    minmay_elf_hall_statues, layout_gridlike, serial_nicolae_subway,
          nicolae_sub_station_stone, nicolae_sub_station_metal,
          nicolae_sub_station_crystal
Vaults:1: vaults_room_grunt_arrival_ludios, nicolae_vaults_rhombus_7,
          nicolae_vaults_little_ls, v_misc_11, vaults_room_door_hall,
          hangedman_vaults_slice, vaults_dpeg_encased_lava,
          layout_vaults_omnigrid
Vaults:2: nicolae_vaults_puzzle_piece, vaults_dpeg_hooks, vaults_mumra_hexcomb,
          minmay_crypt_entry_necro_gods, v_misc_18, v_misc_11, v_misc_24,
          nicolae_vaults_circle_grid_a, v_misc_5, v_pattern_1,
          layout_vaults_ring, serial_shops, shop
Vaults:3: v_rooms_5, v_pattern_4, v_rooms_4, grunt_vaults_twisty,
          hangedman_vaults_cutoff, v_misc_9, nicolae_vaults_theta,
          vaults_dpeg_doors, emtedronai_trogs_sanctum, nicolae_vaults_asterisk,
          v_misc_17, ontoclasm_vaults_ring_small, layout_vaults_maze_bifur,
          uniq_mennas, uniq_frederick
Vaults:4: ploomutoo_gammafunk_ghost_potion_laboratory,
          hangedman_vaults_corner_blocks, ontoclasm_vaults_gateway, v_pattern_2,
          gammafunk_the_bubble [the_bubble_gammafunk_roulette],
          vaults_mumra_lcd, nicolae_vaults_windows_and_doors_thing,
          vaults_dpeg_diagonal, v_misc_14, nicolae_vaults_yaktaur_gun_rack,
          nicolae_vaults_network_s, nicolae_vaults_ring_of_whatevers,
          nicolae_vaults_mini_display_case, nicolae_vaults_little_squares_4,
          layout_vaults_omnicross, serial_shops, nicolae_square_shop
Vaults:5: uniq_jory
Depths:1: layout_gridlike, minmay_stone_trees_small, hellmouth_3,
          kennysheep_vampire_church
Depths:2: cheibrodos_tormentor_scu, layout_cave_shapes, lightli_too_deep,
          minmay_misc_feat_x, pan_entry, ebering_ghost_xom,
          serial_co_window_serial, co_window_paths_b, co_window_paths_b,
          co_window_corner_a, co_window_of_opportunity_a, co_window_corner_a,
          co_window_corner_b, co_window_of_opportunity_b, co_window_corner_ca,
          co_window_cross_4, co_window_of_opportunity_c, co_window_corner_b,
          glass_columns_c, eat_drink_and_be_merry_uskayaw
Depths:3: lemuel_firewalk_3, layout_basic, enter_ziggurat_c, hell_entry,
          abyss_entry, nemelex_diamond_rough_becter, grunt_pan_entry_sceptre
Depths:4: grunt_zot_entry_funnels, layout_basic, serial_bayou,
          serial_bayou_shore_b, serial_bayou_lake_a, serial_bayou_shore_b,
          serial_bayou_crossing, hellmouth_1, lemuel_blue_sif_altar
Zot:1:    layout_twisted_circle
Zot:2:    hangedman_orp_of_zott, layout_onion_interference,
          gammafunk_ghost_berserking_beasts, uniq_grunn, uniq_josephina,
          uniq_tiamat
Zot:3:    layout_gridlike
Zot:4:    layout_cellular_growth, nicolae_transporter_intersection
Zot:5:    layout_misc_corridors

Skill      XL: |  1  2  3  4  5  6  7  8  9 10 11 12 13 14 15 16 17 18 19 20 21 22 23 24 25 26 27 |
---------------+----------------------------------------------------------------------------------+-----
Invocations    | 1 2 3 4 5 6 7 8 10 11 12 13 14 15 16 17 18 19 20 | 20.3
Short Blades   | 1 2 3 5 6 7 8 9 10 11 12 13 14 15 16 17 18 | 18.8
Long Blades    | 1 2 3 5 6 7 8 9 10 11 12 13 14 15 16 17 18 | 18.8
Axes           | 1 2 3 5 6 7 8 9 10 11 12 13 14 15 16 17 18 | 18.8
Maces & Flails | 1 2 3 5 6 7 8 9 10 11 12 13 14 15 16 17 18 | 18.8
Polearms       | 1 2 3 5 6 7 8 9 10 11 12 13 14 15 16 17 18 | 18.8
Staves         | 1 2 3 5 6 7 8 9 10 11 12 13 14 15 16 17 18 | 18.8
Throwing       | 1 2 3 5 6 7 8 9 10 11 12 13 14 15 16 17 18 | 18.8
Armour         | 1 2 3 5 6 7 8 9 10 11 12 13 14 15 16 17 18 | 18.8
Shields        | 1 2 3 5 6 7 8 9 10 11 12 13 14 15 16 17 18 | 18.8
Unarmed Combat | 1 2 3 5 6 7 8 9 10 11 12 13 14 15 16 17 18 | 18.8
Spellcasting   | 1 2 3 5 6 7 8 9 10 11 12 13 14 15 16 17 18 | 18.8
Evocations     | 1 2 3 5 6 7 8 9 10 11 12 13 14 15 16 17 18 | 18.8
Conjurations   | 1 2 3 4 5 6 7 8 9 10 11 12 13 14 15 16 | 16.0
Hexes          | 1 2 3 4 5 6 7 8 9 10 11 12 13 14 15 16 | 16.0
Summonings     | 1 2 3 4 5 6 7 8 9 10 11 12 13 14 15 16 | 16.0
Necromancy     | 1 2 3 4 5 6 7 8 9 10 11 12 13 14 15 16 | 16.0
Translocations | 1 2 3 4 5 6 7 8 9 10 11 12 13 14 15 16 | 16.0
Transmutations | 1 2 3 4 5 6 7 8 9 10 11 12 13 14 15 16 | 16.0
Fire Magic     | 1 2 3 4 5 6 7 8 9 10 11 12 13 14 15 16 | 16.0
Ice Magic      | 1 2 3 4 5 6 7 8 9 10 11 12 13 14 15 16 | 16.0
Air Magic      | 1 2 3 4 5 6 7 8 9 10 11 12 13 14 15 16 | 16.0
Earth Magic    | 1 2 3 4 5 6 7 8 9 10 11 12 13 14 15 16 | 16.0
Poison Magic   | 1 2 3 4 5 6 7 8 9 10 11 12 13 14 15 16 | 16.0
Stealth        | 3 4 5 6 7 8 9 10 11 12 13 14 15 16 17 18 | 18.9
Fighting       | 5 6 7 8 9 10 11 12 13 14 15 16 17 18 19 | 19.2
Dodging        | 5 6 7 8 9 10 11 12 13 14 15 16 17 18 19 20 21 | 21.2
Ranged Weapons | 9 10 11 12 13 14 15 16 17 18 19 20 | 20.3

Action                     |  1- 3 |  4- 6 |  7- 9 | 10-12 | 13-15 | 16-18 | 19-21 | 22-24 | 25-27 || total
---------------------------+-------+-------+-------+-------+-------+-------+-------+-------+-------++-------
  Melee: Spear             |       |     8 |     6 |       |       |       |       |       |       ||    14
         Dagger            |       |     2 |    22 |    50 |       |       |       |       |       ||    74
         Bite              |       |       |     2 |     8 |       |       |       |       |     5 ||    15
         Punch             |       |       |     2 |     4 |       |       |       |       |     4 ||    10
         Shillelagh        |       |       |       |     1 |       |       |       |       |       ||     1
         Unarmed           |       |       |       |       |       |       |       |       |    28 ||    28
         Tailslap          |       |       |       |       |       |       |       |       |     5 ||     5
   Fire: Shortbow          |    82 |   141 |   234 |    17 |       |       |       |       |       ||   474
         Arbalest          |       |       |       |   300 |   506 |   847 |   720 |   787 |   670 ||  3830
  Throw: Dart              |       |     2 |       |       |       |       |       |       |       ||     2
   Cast: Poisonous Vapours |       |     2 |    51 |    15 |       |       |       |       |       ||    68
         Static Discharge  |       |       |     9 |       |       |       |     1 |     2 |       ||    12
         Mephitic Cloud    |       |       |    12 |    20 |     4 |     1 |       |       |       ||    37
         Freezing Cloud    |       |       |       |    28 |    98 |   281 |   190 |   110 |    23 ||   730
         Irradiate         |       |       |       |       |       |    16 |     7 |    19 |    15 ||    57
         Statue Form       |       |       |       |       |       |    10 |    40 |    41 |    24 ||   115
         Death Channel     |       |       |       |       |       |     7 |    20 |     7 |     1 ||    35
         Borgnjor's Vile C |       |       |       |       |       |       |    72 |   234 |   146 ||   452
         Malign Gateway    |       |       |       |       |       |       |     1 |    12 |    32 ||    45
         Dispel Undead     |       |       |       |       |       |       |       |     6 |       ||     6
         Infestation       |       |       |       |       |       |       |       |     7 |     7 ||    14
         Haunt             |       |       |       |       |       |       |       |       |    58 ||    58
         Dragon Form       |       |       |       |       |       |       |       |       |     1 ||     1
 Invoke: Call Merchant     |       |       |       |       |     1 |     1 |     3 |     1 |     1 ||     7
Ability: Breathe Fire      |       |       |       |       |       |       |       |       |     1 ||     1
  Evoke: Wand              |       |     1 |     4 |     2 |     2 |       |     1 |    15 |     9 ||    34
    Use: Scroll            |       |     1 |     4 |    12 |    12 |     3 |     4 |     7 |     8 ||    51
         Potion            |       |       |       |     2 |     1 |     1 |     5 |    15 |     7 ||    31
   Stab: Invisible         |       |     1 |     3 |       |       |       |       |       |       ||     4
         Confused          |       |       |     1 |    14 |       |       |       |       |       ||    15
         Distracted        |       |       |       |       |       |       |       |       |     2 ||     2
 Armour: Leather armour    |    10 |    18 |    27 |    28 |    24 |    25 |       |       |       ||   132
         Quicksilver drago |       |       |       |       |       |    73 |    32 |       |       ||   105
         Skin              |       |       |       |       |       |    30 |   146 |   187 |   117 ||   480
         Steam dragon scal |       |       |       |       |       |       |       |    54 |    81 ||   135
  Dodge: Dodged            |    22 |    38 |   108 |   106 |   142 |   270 |   369 |   556 |   490 ||  2101
  Block: Other             |       |       |       |       |     7 |    69 |   100 |    95 |    88 ||   359
         Reflection        |       |       |       |       |     1 |    16 |     9 |    10 |     8 ||    44

Table legend: (Time is in decaauts)
 A = Elapsed time spent in this place.
 B = Non-inter-level travel time spent in this place.
 C = Inter-level travel time spent in this place.
 D = Time resting spent in this place.
 E = Time spent auto-exploring this place.
 F = Levels seen in this place.
 G = Mean time per level.
                   A        B        C        D        E       F      G
               +--------+--------+--------+--------+--------+-----+--------+
         Total |  89760 |  84373 |   5387 |  16832 |  52411 |  51 | 1760.0 |
       Dungeon |  19419 |  17074 |   2345 |   1193 |  13411 |  15 | 1294.6 |
        Temple |    278 |    223 |     55 |      0 |    212 |   1 |  278.0 |
          Lair |   6364 |   5783 |    581 |    574 |   4453 |   5 | 1272.8 |
        Shoals |   7519 |   7329 |    190 |   1268 |   4909 |   4 | 1879.8 |
     Snake Pit |   8554 |   8188 |    366 |   1666 |   5195 |   4 | 2138.5 |
  Orcish Mines |   2268 |   2129 |    139 |    265 |   1402 |   2 | 1134.0 |
   Elven Halls |   5065 |   4904 |    161 |    496 |   3178 |   3 | 1688.3 |
        Vaults |  12470 |  11960 |    510 |   2082 |   7518 |   5 | 2494.0 |
        Depths |  11283 |  10788 |    495 |   3036 |   5755 |   4 | 2820.8 |
           Zot |  15530 |  14989 |    541 |   5999 |   5947 |   5 | 3106.0 |
        Bazaar |    191 |    191 |      0 |      0 |    162 |   1 |  191.0 |
       Ossuary |    218 |    218 |      0 |      0 |     93 |   1 |  218.0 |
        Bailey |    594 |    594 |      0 |    250 |    174 |   1 |  594.0 |
               +--------+--------+--------+--------+--------+-----+--------+

Top non-repeatable levels by time:
   Zot:2: 4255 daAuts
   Zot:5: 3980 daAuts
Depths:2: 3572 daAuts
Depths:4: 3334 daAuts
Vaults:5: 3256 daAuts
Depths:1: 2824 daAuts
   Zot:4: 2691 daAuts
 Snake:3: 2575 daAuts
Vaults:4: 2556 daAuts
Shoals:4: 2514 daAuts
   Zot:1: 2509 daAuts
Vaults:1: 2456 daAuts
Vaults:3: 2331 daAuts
 Snake:2: 2264 daAuts
 Snake:1: 2218 daAuts
